Map: Invader LE

Players

uThermal

  • Race: Terran Terran

Polt - Winner!

  • Race: Terran Terran

Event: DreamHack Open Tours WCS Spring Championship

VOD

Have the link to the VOD?

Description

Time

  • Played on: May 15, 2016, 4:40 a.m.
  • Length: 9:42

All games in this series

Show
View Real Time Build Order
Export as new Build Order

uThermal Terran 

Build Orders: 1/1/1, MMM Bio 

Get SALT Encoding   

  12  0:01  SCV  
  13  0:14  SCV  
  14  0:17  Supply Depot  
  14  0:26  SCV  
  15  0:38  SCV  
  15  0:39  Barracks  
  16  0:44  Refinery  
  16  0:50  SCV  
  16  0:54  Refinery  
  17  1:03  SCV  
  18  1:15  SCV  
  19  1:26  Marine  
  19  1:27  Orbital Command  
  20  1:34  Factory  
  20  1:40  Supply Depot  
  20  1:45  Barracks Reactor  
  20  1:53  SCV  
  21  2:05  SCV  
  22  2:17  SCV  
  22  2:19  Hellion, Starport  
  22  2:21  Marine x2  
  27  2:26  Supply Depot  
  27  2:39  Marine x2  
  27  2:41  Hellion  
  31  2:48  Supply Depot  
  31  2:55  Medivac  
  31  2:57  Marine x2  
  31  2:58  SCV  
  36  3:04  Hellion  
  37  3:11  Engineering Bay  
  37  3:13  SCV  
  37  3:16  Marine  
  37  3:18  Marine  
  40  3:27  Viking  
  40  3:30  Widow Mine  
  44  3:36  Supply Depot  
  44  3:41  Missile Turret  
  44  3:43  Marine  
  44  3:45  Marine  
  43  4:20  Marine  
  38  4:27  Starport Tech Lab  
  38  4:28  Marine  
  37  4:31  Factory Tech Lab  
  37  4:32  SCV  
  37  4:35  Command Center  
  38  4:45  SCV  
  40  4:46  Raven  
  42  4:57  SCV  
  42  4:58  Barracks x2  
  42  5:02  Factory Reactor  
  42  5:03  Marine  
  42  5:05  Stimpack  
  43  5:09  SCV  
  44  5:21  SCV, Marine  
  46  5:34  SCV  
  47  5:36  Starport Reactor  
  47  5:40  Marine  
  48  5:48  Orbital Command  
  48  5:49  SCV  
  49  5:53  Marine x2  
  49  5:55  Marine x2  
  53  5:59  Siege Tank  
  56  6:10  SCV, Barracks x2  
  57  6:13  SCV, Marine  
  59  6:20  Terran Infantry Weapons Level 1  
  59  6:23  SCV  
  60  6:26  Supply Depot, SCV  
  60  6:28  Medivac  
  60  6:32  Medivac  
  65  6:35  SCV  
  65  6:37  Siege Tank  
  65  6:39  SCV  
  70  6:47  Marine  
  70  6:48  Supply Depot, SCV, Marine  
  70  6:49  Marine  
  73  6:55  Refinery  
  73  6:56  Refinery, SCV  
  73  6:59  Barracks Reactor x2  
  74  7:01  SCV  
  74  7:06  Marine  
  74  7:07  Supply Depot  
  76  7:08  Marine  
  76  7:14  Medivac, SCV  
  80  7:17  SCV, Marine  
  80  7:19  Marine  
  82  7:28  Combat Shields  
  83  7:30  SCV x2  
  83  7:32  Supply Depot  
  83  7:34  Marine  
  83  7:36  Marine  
  86  7:42  SCV x2  
  88  7:44  Marine  
  88  7:45  Marine  
  88  7:50  Siege Tank  
  93  7:54  Marine x2  
  93  7:58  Marine  
  95  7:59  Supply Depot  
  95  8:02  Medivac  
  95  8:05  Medivac  
  100  8:08  Marine  
  102  8:13  Supply Depot  
  102  8:20  Marine  
  102  8:23  Siege Tank  
  102  8:26  Marine  
  106  8:27  Supply Depot  
  106  8:29  Marine  
  106  8:30  Marine  
  106  8:35  Medivac  
  106  8:39  Marine  
  106  8:41  Marine  
  111  8:46  Medivac  
  111  8:47  Marine x2  
  114  8:49  Marine  
  114  8:51  Marine x2  
  111  8:58  Marine  
  111  9:00  Marine  
  111  9:01  Marine  
  102  9:11  Marine x2  
  102  9:15  Marine  
  102  9:16  Marine  
  104  9:17  Marine  
  104  9:23  Marine x2  
Show
View Real Time Build Order
Export as new Build Order

Polt Terran - Winner!

Build Orders: MMM Bio 

Get SALT Encoding   

  12  0:00  SCV  
  13  0:12  SCV  
  14  0:17  Supply Depot  
  14  0:24  SCV  
  15  0:39  SCV  
  15  0:40  Barracks  
  16  0:51  SCV  
  17  1:03  SCV  
  18  1:15  SCV  
  19  1:18  Command Center  
  19  1:28  Orbital Command  
  19  1:31  Marine  
  20  1:37  Supply Depot  
  20  1:49  Marine  
  20  1:50  Refinery  
  20  1:52  Refinery  
  21  1:54  SCV  
  22  2:06  SCV, Marine  
  22  2:07  Bunker  
  24  2:18  SCV  
  25  2:24  Marine  
  26  2:30  SCV, Orbital Command  
  26  2:36  Factory  
  27  2:42  SCV, Marine  
  29  2:49  Barracks  
  29  2:55  SCV  
  29  2:57  SCV  
  31  3:00  Marine  
  32  3:07  SCV  
  32  3:09  SCV  
  34  3:19  Marine, Factory Tech Lab  
  35  3:20  Starport  
  35  3:24  SCV x2  
  37  3:27  Engineering Bay  
  37  3:30  Supply Depot  
  37  3:38  Marine x2  
  37  3:40  Cyclone  
  42  3:46  SCV x2  
  44  3:48  Supply Depot  
  44  3:56  Marine x2  
  44  3:58  Viking  
  44  4:02  SCV x2  
  49  4:07  Supply Depot  
  47  4:12  Siege Tank  
  36  4:26  Marine x2  
  35  4:32  SCV x2  
  37  4:42  Missile Turret  
  37  4:45  Barracks Tech Lab  
  37  4:46  Marine  
  37  4:47  Medivac  
  37  4:50  SCV  
  37  4:51  SCV  
  41  5:03  SCV x2, Marine x2  
  41  5:04  Stimpack  
  45  5:12  Refinery  
  45  5:15  SCV x2  
  47  5:25  Barracks  
  47  5:28  SCV x2, Marine, Barracks Reactor  
  49  5:34  Starport Reactor  
  49  5:35  Barracks Reactor  
  50  5:40  SCV x2  
  52  5:42  Barracks  
  52  5:43  Barracks  
  52  5:50  Siege Tank  
  52  5:51  Supply Depot  
  52  5:52  SCV x2  
  52  5:56  Marine  
  59  6:04  SCV x2  
  60  6:14  Barracks Reactor  
  60  6:15  Viking x2  
  60  6:16  SCV x2  
  60  6:17  Marine x3  
  69  6:28  SCV  
  69  6:30  Supply Depot  
  69  6:32  Supply Depot  
  70  6:34  Barracks Reactor x2  
  70  6:35  Refinery  
  70  6:36  Terran Infantry Weapons Level 1  
  70  6:52  SCV, Marine x3  
  74  6:55  Marine x2  
  74  6:57  SCV  
  74  6:59  Supply Depot  
  74  7:00  Supply Depot  
  77  7:01  Medivac x2  
  77  7:04  SCV  
  82  7:08  Supply Depot x2  
  82  7:15  Siege Tank  
  82  7:20  Marine x9  
  94  7:35  Medivac x2  
  98  7:41  Marine x8  
  98  7:42  Marine  
  98  7:43  Combat Shields  
  107  7:48  Supply Depot  
  107  7:59  Siege Tank  
  107  8:03  Supply Depot  
  107  8:04  Supply Depot  
  110  8:12  Marine x8  
  117  8:31  Marine x9  
  126  8:37  Siege Tank  
  126  8:40  Medivac x2  
  131  8:56  Marine x6  
  131  8:57  Marine x3  
  129  9:19  Marine x6  
  129  9:20  Marine  

Tags
 
Add a new tag
Caveats
  • Supply blocks, unpowered buildings, or Contaminate may cause inaccurate times.
  • Supply counts are checked every 10 seconds.